 Dungeon Crawl Stone Soup version 0.26-a0-661-g406de6ba63 (webtiles) character file.

Game seed: 7938245540057012398

84 strifetoe the Conjurer (level 4, -5/35 HPs)
             Began as a Palentonga Hedge Wizard on Oct 8, 2020.
             Slain by a goblin
             ... wielding a +0 club
             ... led by Robin
              (10 damage)
             ... on level 2 of the Dungeon.
             The game lasted 00:02:35 (2568 turns).

strifetoe the Conjurer (Palentonga Hedge Wizard)    Turns: 2568, Time: 00:02:36

Health: -5/35      AC:  5    Str: 14    XL:     4   Next: 23%
Magic:  8/8        EV: 10    Int: 15    God:
Gold:   117        SH:  0    Dex:  9    Spells: 6/9 levels left

rFire    . . .     SeeInvis +   n - +2 whip (elec)
rCold    . . .     Faith    .   (no shield)
rNeg     . . .     Spirit   .   b - +0 robe
rPois    .         Reflect  .   c - +0 hat
rElec    .         Harm     .   (no cloak)
rCorr    .         Rampage  .   i - +0 pair of gloves {archery}
MR       .....                  (no barding)
Stlth    +.........             (no amulet)
HPRegen  0.11/turn              (no ring)
MPRegen  0.11/turn              (no ring)

@: no status effects
A: large, rugged brown scales 3, see invisible, deformed body, roll, armoured
tail
a: Rolling Charge


You were on level 2 of the Dungeon.
You visited 1 branch of the dungeon, and saw 2 of its levels.

You collected 117 gold pieces.

Inventory:

Hand Weapons
 a - a +0 dagger
 m - a +3 short sword
 n - a +2 whip of electrocution (weapon)
Armour
 b - a +0 robe (worn)
 c - a +0 hat (worn)
 i - a +0 pair of gloves of archery (worn)
Scrolls
 g - 4 scrolls of remove curse
 h - 2 scrolls of identify {unknown}
 l - 2 scrolls of blinking {unknown}
 r - a scroll of fear {unknown}
Potions
 d - a potion of lignification
 e - 2 potions of brilliance


   Skills:
 - Level 1.5 Dodging
 - Level 1.2 Stealth
 - Level 3.0 Spellcasting
 - Level 3.2 Conjurations
 + Level 1.7 Summonings
   Level 1.0 Translocations


You had 6 spell levels left.
You knew the following spells:

 Your Spells              Type           Power        Failure   Level
a - Magic Dart            Conj           ##..         5%          1
b - Call Imp              Summ           #.......     14%         2

Your spell library contained the following spells:

 Spells                   Type           Power        Failure   Level
 Blink                    Tloc           N/A          21%         2
 Slow                     Hex            #.......     30%         2
 Conjure Flame            Conj/Fire      #.......     30%         3
 Mephitic Cloud           Conj/Pois/Air  #.......     36%         3


Dungeon Overview and Level Annotations

Branches:
Dungeon (2/15)

Altars:

Annotations:
D:2 Robin, Sigmund


Innate Abilities, Weirdness & Mutations

You are completely covered in rugged brown scales. (AC +3, +7% HP)
You have supernaturally acute eyesight. (SInv)
Armour fits poorly on your strangely shaped body.
You can roll at foes to attack.
You have a long armoured tail.


Message History

You closely miss the hobgoblin. You tail-slap the hobgoblin.
The hobgoblin is severely wounded.
The hobgoblin closely misses you.
You closely miss the hobgoblin.
The hobgoblin is severely wounded.
The hobgoblin hits you with a +0 club. Robin throws the goblin at you!
You closely miss the hobgoblin.
The hobgoblin is severely wounded.
The hobgoblin hits you with a +0 club.
* * * LOW HITPOINT WARNING * * *
The goblin closely misses you.
Unknown command.
You barely miss the goblin. The hobgoblin closely misses you.
The goblin hits you but does no damage.
You barely miss the goblin. The hobgoblin barely misses you.
The goblin hits you but does no damage.
You closely miss the goblin. The hobgoblin hits you with a +0 club.
* * * LOW HITPOINT WARNING * * *
The goblin hits you with a +0 club!
You die...

..#.# ##.......).##........## #
....# #..............####..# #
....### #.........#..## ##.###
......####.....).....### #....
.........#....)......g)######....
......##............##..g##...##.
......###......ggg..####....#.##.
......# ##.#####g#### ##g.....#.
......# #...###@#######..##...##
......# ###...g.##.gg.g(##.(#...
......# ###......#######.####.
......# #..###.(..#####.## ##
#.####†#.......<.#
#.##.)g#.........#
##.##g###.........# #..#.g#
#.........# #....## ###########


You could see Robin, 3 hobgoblins and a goblin (strong).

Vanquished Creatures
  A bullfrog skeleton (D:2)
  An adder (D:2)
  An ooze (D:1)
  5 bats
  4 giant cockroaches (D:1)
  12 goblins
  3 hobgoblins
  A ball python (D:2)
  4 frilled lizards
  5 kobolds
  2 rats (D:1)
39 creatures vanquished.

Notes
Turn   | Place    | Note
-------+----------+-------------------------------------------
     0 | D:1      | strifetoe the Palentonga Hedge Wizard began the quest for
                  | the Orb.
     0 | D:1      | Reached XP level 1. HP: 14/14 MP: 4/4
    26 | D:1      | Reached skill level 1 in Conjurations
   337 | D:1      | Reached XP level 2. HP: 17/21 MP: 6/6
  1558 | D:2      | Reached XP level 3. HP: 20/27 MP: 7/7
  1638 | D:2      | Learned a level 2 spell: Call Imp
  1695 | D:2      | Reached skill level 1 in Summonings
  1828 | D:2      | Reached XP level 4. HP: 16/35 MP: 8/8
  2202 | D:2      | Noticed Robin
  2202 | D:2      | Noticed Sigmund
  2541 | D:2      | HP: 1/35 [Robin/+0 whip (5)]
  2568 | D:2      | Slain by a goblin

Illustrated notes

Levels and vault maps discovered:
D:1:      minmay_arrival_three_doors, layout_basic
D:2:      layout_rooms, uniq_robin, uniq_sigmund

Skill      XL: |  1  2  3 |
---------------+----------+-----
Conjurations   | 1 3 |  3.2
Summonings     | 1 |  1.7
Dodging        | |  1.5
Stealth        | |  1.2
Spellcasting   | |  3.0
Translocations | |  1.0

Action                   |  1- 3 |  4- 6 || total
-------------------------+-------+-------++-------
Melee: Dagger            |    86 |       ||    86
       Tailslap          |     9 |     3 ||    12
       Whip              |    37 |    62 ||    99
       Short sword       |     3 |       ||     3
  Use: Potion            |       |     7 ||     7
       Scroll            |       |     2 ||     2
 Stab: Sleeping          |     1 |       ||     1
Armor: Robe              |    61 |    22 ||    83
       Skin              |       |     4 ||     4
Dodge: Dodged            |    75 |    48 ||   123

Table legend: (Time is in decaauts)
 A = Elapsed time spent in this place.
 B = Non-inter-level travel time spent in this place.
 C = Inter-level travel time spent in this place.
 D = Time resting spent in this place.
 E = Time spent auto-exploring this place.
 F = Levels seen in this place.
 G = Mean time per level.
                   A        B        C        D        E       F      G
               +--------+--------+--------+--------+--------+-----+--------+
         Total |   2577 |   2542 |     35 |    964 |   1189 |   2 | 1288.5 |
       Dungeon |   2577 |   2542 |     35 |    964 |   1189 |   2 | 1288.5 |
               +--------+--------+--------+--------+--------+-----+--------+

Top non-repeatable levels by time:
     D:1: 1763 daAuts
     D:2: 814 daAuts
